 Dungeon Crawl Stone Soup version 0.19.0-2-gae57169 (webtiles) character file.

112 Gorice the Slasher (level 4, -1/35 HPs)
             Began as a Demonspawn Monk on Nov 4, 2016.
             Slain by a gnoll
             ... wielding a +0 halberd
              (4 damage)
             ... on level 2 of the Dungeon.
             The game lasted 00:06:01 (2563 turns).

Gorice the Slasher (Demonspawn Monk)                Turns: 2563, Time: 00:06:02

Health: -1/35      AC:  9    Str: 12    XL:     4   Next: 64%
Magic:  13/13      EV:  6    Int: 12    God:
Gold:   37         SH:  0    Dex: 15    Spells: 0 memorised, 3 levels left

rFire  . . .     SeeInvis .     a - +0 falchion
rCold  . . .     Gourm    .     d - +1 chain mail
rNeg   . . .     Faith    .     (no shield)
rPois  .         Spirit   .     (no helmet)
rElec  .         Reflect  .     (no cloak)
rCorr  .         Harm     .     (no gloves)
MR     .....                    (no boots)
Stlth  ..........               o - amulet of magic regeneration
                                (no ring)
                                n - ring of magical power

@: no status effects
A: talons 1, demonic guardian 1
a: no special abilities


You were on level 2 of the Dungeon.
You were hungry.

You visited 1 branch of the dungeon, and saw 3 of its levels.

You collected 37 gold pieces.

Inventory:

Hand Weapons
 a - a +0 falchion (weapon)
Missiles
 j - 12 sling bullets
 Z - 85 stones (quivered)
Armour
 b - a +0 robe
 d - a +1 chain mail (worn)
Jewellery
 n - a ring of magical power (left hand)
 o - an amulet of magic regeneration (around neck)
Wands
 p - a wand of paralysis (23/24)
Potions
 e - a potion of might {unknown}
 i - a potion of heal wounds {unknown}
 k - 3 potions of curing {unknown}
 l - 2 potions of degeneration {unknown}
 m - a potion of brilliance {unknown}
Comestibles
 c - 3 bread rations {!e}
 g - 2 meat rations {!e}


   Skills:
 - Level 3.0 Fighting
 * Level 4.3 Long Blades
 + Level 2.0 Armour
 - Level 2.6 Dodging
 - Level 1.7 Stealth


You had 3 spell levels left.
You didn't know any spells.

Dungeon Overview and Level Annotations

Branches:
Dungeon (3/15)

Altars:


Innate Abilities, Weirdness & Mutations

You have sharp toenails.
A weak demonic guardian rushes to your aid.


Message History

Your ufetubus misses the gnoll. Your ufetubus hits the gnoll.
The gnoll hits you but does no damage. The gnoll completely misses you.
You climb upwards.
Your summoned ally is left behind.
There is a stone staircase leading down here.
Damage: 5 (max 5)
You completely miss the gnoll. Your kick misses the gnoll.
The gnoll is almost dead.
The gnoll hits you with a spear.
Damage: 4 (max 5)
You hit the gnoll. You claw the gnoll, but do no damage.
The gnoll is almost dead.
The gnoll hits you but does no damage.
Your chain mail prevents you from hitting the gnoll.
You claw the gnoll, but do no damage.
The gnoll is almost dead.
The gnoll hits you but does no damage. x2
You hit the gnoll.
You kill the gnoll!
Your Armour skill increases to level 2!
Okay, then.
There is a stone staircase leading down here.
You climb downwards.
The gnoll shouts! x2
The gnoll closely misses you.
There is a stone staircase leading up here.
Unknown command.
You found a shaft!
The gnoll hits you from afar with a halberd.
There is a stone staircase leading up here.
Damage: 2 (max 2)
The gnoll hits your shadow imp with a halberd!
Your shadow imp dies!
The gnoll hits you with a halberd. The gnoll hits you but does no damage.
There is a stone staircase leading up here.
Damage: 5 (max 5)
The gnoll hits you with a club. The gnoll hits you with a halberd.
* * * LOW HITPOINT WARNING * * *
The worm bites you!
* * * LOW HITPOINT WARNING * * *
The gnoll hits you from afar with a halberd!
* * * LOW HITPOINT WARNING * * *
You climb upwards.
There is a stone staircase leading down here.
Damage: 18 (max 18)
You hit the worm. You claw the worm.
The worm is moderately wounded.
The gnoll hits you with a club.
* * * LOW HITPOINT WARNING * * *
The gnoll hits you with a halberd.
You die...

##.#..................#........#.
.#.#...#####.....######.#....###.
...#...#####.....)......#....# #.
........................)...## #.
...#...#####.##..########.######.
.#.#...# #.##..#####...........
.#.....#####.#.......#.##.######.
.#.............wg.........# #.
###...######.#.#@.......### #.
<##...# #.#.##g.#.#..# #.
).....######.#.....#.#..#### ###.
.##.#.##.....####.##.......###...
.##.#....######.#.####...........
.##.###### #...........#.###...
.##.# ##.#.####........... .##.#
#.#.# #.###.###... .##.# #.#.#
#.###.###.#.


You could see a worm and 2 gnolls.

Vanquished Creatures
  A gnoll (D:2)
  5 adders
  2 worms (D:2)
  2 dart slugs
  3 leopard geckos
  4 bats
  A giant cockroach (D:1)
  9 goblins
  4 hobgoblins
  4 jackals (D:1)
  A quokka (D:2)
  3 frilled lizards
  5 kobolds
  5 rats
49 creatures vanquished.

Notes
Turn   | Place    | Note
-------+----------+-------------------------------------------
     0 | D:1      | Gorice the Demonspawn Monk began the quest for the Orb.
     0 | D:1      | Reached XP level 1. HP: 18/18 MP: 1/1
   106 | D:1      | Reached skill level 3 in Long Blades
   207 | D:1      | Gained mutation: You have sharp toenails. [demonic ancestry]
   207 | D:1      | Reached XP level 2. HP: 20/24 MP: 2/2
   660 | D:1      | Reached skill level 1 in Armour
   866 | D:1      | Gained mutation: A weak demonic guardian rushes to your aid. [demonic ancestry]
   866 | D:1      | Reached XP level 3. HP: 29/29 MP: 3/3
  1544 | D:2      | Reached skill level 4 in Long Blades
  1564 | D:2      | Reached XP level 4. HP: 24/35 MP: 4/4
  1616 | D:2      | HP: 7/35 [worm (7)]
  2037 | D:2      | HP: 10/35 [poisoned by an adder]
  2534 | D:2      | Reached skill level 2 in Armour
  2561 | D:3      | HP: 10/35 [worm (7)]
  2561 | D:3      | HP: 3/35 [gnoll/halberd (7)]
  2563 | D:2      | Slain by a gnoll

Skill      XL: |  1  2  3  4 |
---------------+-------------+-----
Long Blades    | 3 4 |  4.3
Armour         | 1 2 |  2.0
Fighting       | |  3.0
Dodging        | |  2.6
Stealth        | |  1.7

Action                   |  1- 3 |  4- 6 || total
-------------------------+-------+-------++-------
Melee: Falchion          |   153 |    76 ||   229
       Kick              |    38 |    26 ||    64
Throw: Stone             |     6 |     6 ||    12
  Use: Scroll            |     3 |     2 ||     5
  Eat: Chunk             |     2 |     3 ||     5
Armor: Chain mail        |   107 |    42 ||   149
Dodge: Dodged            |    47 |    16 ||    63
       Rpst.: Falchion   |    18 |     4 ||    22

Table legend:
 A = Turns spent in this place as a percentage of turns spent in the entire game.
 B = Non-inter-level travel turns spent in this place as a percentage of non-inter-level travel turns spent in the entire game.
 C = Inter-level travel turns spent in this place as a percentage of turns spent in this place.
 D = Turns resting spent in this place as a percentage of non-inter-level travel turns spent in this place.
 E = Turns spent auto-exploring this place as a percentage of non-inter-level travel turns spent in this place.
 F = Non-inter-level travel turns spent in this place divided by the number of levels of this place that you've seen.
                   A       B       C       D       E      F
               +-------+-------+-------+-------+-------+----------------------
         Total | 100.0 | 100.0 |   0.7 |   2.7 |   6.5 | 235.3
       Dungeon | 100.0 | 100.0 |   0.7 |   2.7 |   6.5 | 235.3
               +-------+-------+-------+-------+-------+----------------------

Vault maps used:
D:1:      wheals_arrival_linesprint
D:3:      nicolae_dithmenos_shadow_blocks
